 Dungeon Crawl Stone Soup version 0.23.2-33-g5129a83184 (webtiles) character file.

Game seed: 1575702806575248652

86 colophon the Sneak (level 4, 0/26 HPs)
             Began as a Kobold Enchanter on July 9, 2019.
             Hit by a stone thrown by a gnoll (5 damage)
             ... on level 2 of the Dungeon.
             The game lasted 00:08:38 (2109 turns).

colophon the Sneak (Kobold Enchanter)               Turns: 2109, Time: 00:08:39

Health: 0/26       AC:  2    Str:  5    XL:     4   Next: 78%
Magic:  0/8        EV: 16    Int: 16    God:
Gold:   84         SH:  0    Dex: 16    Spells: 2/8 levels left

rFire    . . .     SeeInvis .   a - +1 dagger
rCold    . . .     Gourm    .   (shield restricted)
rNeg     . . .     Faith    .   b - +0 robe
rPois    .         Spirit   .   (no helmet)
rElec    .         Reflect  .   (no cloak)
rCorr    .         Harm     .   (no gloves)
MR       .....                  (no boots)
Stlth    +++.......             (no amulet)
HPRegen  0.08/turn              (no ring)
MPRegen  0.11/turn              (no ring)

@: very slightly contaminated
A: small, carnivore
a: no special abilities


You were on level 2 of the Dungeon.
You were very full.

You visited 1 branch of the dungeon, and saw 2 of its levels.

You collected 84 gold pieces.

Inventory:

Hand Weapons
 a - a +1 dagger (weapon)
Armour
 b - a +0 robe (worn)
 k - a +0 cloak
Scrolls
 e - a scroll of identify {unknown}
 f - 2 scrolls of remove curse {unknown}
 g - a scroll of blinking {unknown}
 j - a scroll of enchant weapon {unknown}
Potions
 c - a potion of flight {unknown}
 h - a potion of lignification {unknown}
Comestibles
 d - 4 rations
 i - a chunk of flesh


   Skills:
 + Level 1.7 Fighting
 + Level 2.6 Short Blades
 + Level 3.3 Dodging
 + Level 4.8 Stealth
 + Level 2.8 Spellcasting
 - Level 3.0 Hexes


You had 2 spell levels left.
You knew the following spells:

 Your Spells              Type           Power        Failure   Level  Hunger
a - Corona                Hex            ##.....      5%          1    #......
b - Ensorcelled Hibernat  Hex/Ice        #.....       16%         2    ##.....
c - Confuse               Hex            ##......     17%         3    ###....

Your spell library contained the following spells:

 Spells                   Type           Power        Failure   Level  Hunger
 Tukima's Dance           Hex            ##......     17%         3    ###....
 Dazzling Spray           Conj/Hex       #.....       30%         3    ###....


Dungeon Overview and Level Annotations

Branches:
Dungeon (2/15)

Altars:


Innate Abilities, Weirdness & Mutations

You are small and have problems with some larger weapons.
You are carnivorous and can eat meat at any time.


Message History

Casting: Ensorcelled Hibernation (safe; 16% risk of failure)
Confirm with . or Enter, or press ? or * to list all spells.
Aiming: Ensorcelled Hibernation (safe; 16% risk of failure)
Press: ? - help, Shift-Dir - straight line, f/p - gnoll
Aim: a gnoll, wielding a +0 spear and wearing a +0 leather armour (chance to defeat MR: 48%)
You miscast Ensorcelled Hibernation.
The light around you dims momentarily.
The gnoll hits you from afar with a +0 spear.
Casting: Ensorcelled Hibernation (safe; 16% risk of failure)
Confirm with . or Enter, or press ? or * to list all spells.
Aiming: Ensorcelled Hibernation (safe; 16% risk of failure)
Press: ? - help, Shift-Dir - straight line, f/p - gnoll
Aim: a gnoll, wielding a +0 spear and wearing a +0 leather armour (chance to defeat MR: 48%)
You miscast Ensorcelled Hibernation.
Frost covers your body. The gnoll barely misses you.
The gnoll throws a stone.
The stone hits you.
* * * LOW HITPOINT WARNING * * *
You see here a stone.
The gnoll throws a stone.
The stone closely misses you.
The gnoll throws a stone.
The stone hits you.
You die...

.# ##.# ###### .# #.## #..... .#
############..# #.....
.##########....g.....##.## #.....
..........#..........##..# #..)..
###.#####.#..........###.# #.....
#.# #.#.....(....###.###.....
###.#####................÷.......
................@..♣♣.♣♣♣♣♣♣.....
...#######.#.###..♣♣♣ ♣♣♣♣♣###.##
...#######...# #.(♣♣♣♣♣_.♣.###.#
......##...#.# #.♣.♣♣.♣.♣.♣..#.#
......####'#.##.♣♣♣♣♣♣.♣♣♣♣#.#.#
................ ♣♣.♣♣.♣♣♣♣...##
......#.........♣♣♣..♣♣..♣♣(.....
......#............)♣...♣♣♣.#....
......#..........♣..♣♣♣♣♣♣.....##


You could see a gnoll.

Vanquished Creatures
  2 gnolls (D:1)
  2 adders (D:2)
  An ooze (D:1)
  2 dart slugs
  A leopard gecko (D:1)
  2 giant cockroaches
  8 goblins
  4 hobgoblins
  4 jackals
  2 ball pythons
  3 bats (D:1)
  A frilled lizard (D:1)
  3 kobolds (D:1)
  4 rats
39 creatures vanquished.

Notes
Turn   | Place    | Note
-------+----------+-------------------------------------------
     0 | D:1      | colophon the Kobold Enchanter began the quest for the Orb.
     0 | D:1      | Reached XP level 1. HP: 10/10 MP: 3/3
   250 | D:1      | Reached XP level 2. HP: 15/16 MP: 3/5
   279 | D:1      | Learned a level 2 spell: Ensorcelled Hibernation
   924 | D:1      | Reached XP level 3. HP: 20/20 MP: 2/6
   982 | D:1      | Reached skill level 1 in Fighting
  1590 | D:2      | Reached XP level 4. HP: 25/25 MP: 6/8
  1596 | D:2      | Learned a level 3 spell: Confuse
  1684 | D:2      | Found a faded altar of an unknown god.
  2109 | D:2      | Hit by a stone thrown by a gnoll

Skill      XL: |  1  2  3 |
---------------+----------+-----
Short Blades   | 2 |  2.6
Fighting       | 1 |  1.7
Dodging        | 3 |  3.3
Stealth        | |  4.8
Spellcasting   | |  2.8
Hexes          | |  3.0

Action                   |  1- 3 |  4- 6 || total
-------------------------+-------+-------++-------
Melee: Dagger            |    87 |    12 ||    99
 Cast: Corona            |     9 |       ||     9
       Ensorcelled Hiber |    18 |    14 ||    32
 Stab: Sleeping          |    12 |    11 ||    23
  Eat: Chunk             |    12 |     2 ||    14
Armor: Robe              |    13 |     3 ||    16
Dodge: Dodged            |    60 |    26 ||    86
